 Dungeon Crawl Stone Soup version 0.32-a0-132-g2d33c3cfaf (webtiles) character file.

Game seed: 2447197290819831044

0 Bravepunisher the Ducker (level 1, -3/11 HPs)
             Began as a Spriggan Monk on Feb 9, 2024.
             Was a Believer of Makhleb.
             Slain by an ufetubus (4 damage)
             ... on level 6 of the Dungeon.
             The game lasted 00:02:02 (232 turns).

Bravepunisher the Ducker (Spriggan Monk)             Turns: 232, Time: 00:02:02

Health: -3/11      AC:  2    Str:  7    XL:     1   Next: 8%
Magic:  2/2        EV: 18    Int: 11    God:    Makhleb [**....]
Gold:   36         SH:  0    Dex: 17    Spells: 0/0 levels left

rFire   . . .        a - +0 short sword
rCold   . . .        (no shield)
rNeg    . . .        b - +0 robe
rPois   .            (helmet restricted)
rElec   .            (no cloak)
rCorr   .            (gloves unavailable)
SInv    +            (boots unavailable)
Will    .....        (no amulet)
Stlth   ++           (no ring)
HPRegen 0.21/turn    (no ring)
MPRegen 0.08/turn

%: no passive effects
@: very quick
A: very small, no large weapons, unfitting armour, see invisible, speed 3
a: Renounce Religion, Minor Destruction


You were on level 6 of the Dungeon.
You worshipped Makhleb.
Makhleb was pleased with you.
You visited 1 branch of the dungeon, and saw 6 of its levels.

You collected 36 gold pieces.

Inventory:

Hand Weapons
 a - a +0 short sword (weapon)
Armour
 b - a +0 robe (worn)


   Skills:
 + Level 2.4 Fighting
 - Level 3.2 Short Blades
 - Level 4.0 Dodging
 * Level 0.0 Invocations


You couldn't memorise any spells.
You didn't know any spells.
Your spell library was empty.

Dungeon Overview and Level Annotations

Branches:
Dungeon (6/15)
 Temple: D:4-7

Altars:
Makhleb

Shops:
D:5 ?

Annotations:
D:5 Grinder


Innate Abilities, Weirdness & Mutations

You are very small and have problems with some larger weapons.
You are too small for most types of armour.
You have supernaturally acute eyesight. (SInv)
You cover ground extremely quickly. (Speed+++)


Message History

You can now gain health from killing.
You can now harness Makhleb's destructive might.
Aiming: Minor Destruction (24% risk of failure)
Press: ? - help, Shift-Dir - straight line, f - ufetubus
Aim: an ufetubus The glob of acid misses the ufetubus.
The ufetubus misses you. The ufetubus completely misses you.
Aiming: Minor Destruction (24% risk of failure)
Press: ? - help, Shift-Dir - straight line, f/p - ufetubus
Aim: an ufetubus The puff of flame hits the ufetubus.
The ufetubus is burned terribly!
The ufetubus is heavily wounded.
The ufetubus misses you. x2
Aiming: Minor Destruction (24% risk of failure)
Press: ? - help, Shift-Dir - straight line, f/p - ufetubus
Aim: an ufetubus (black smoke, heavily wounded)
You fail to use your ability.
The ufetubus hits you. The ufetubus closely misses you.
The ufetubus slips past you! The ufetubus hits you.
The ufetubus closely misses you.
Unknown command.
Press < or > to pray at altars.
Aiming: Minor Destruction (24% risk of failure)
Press: ? - help, Shift-Dir - straight line, f/p - ufetubus
Aim: an ufetubus (heavily wounded)
You fail to use your ability.
The ufetubus completely misses you. x2
Aiming: Minor Destruction (24% risk of failure)
Press: ? - help, Shift-Dir - straight line, f/p - ufetubus
Aim: an ufetubus (heavily wounded)
The zap hits the ufetubus.
The ufetubus is severely wounded.
The zap hits the ufetubus.
The ufetubus is severely wounded.
The ufetubus barely misses you. The ufetubus completely misses you.
The ufetubus hits you.
* * * LOW HITPOINT WARNING * * *
The ufetubus misses you. The ufetubus hits you.
* * * LOW HITPOINT WARNING * * *
The ufetubus hits you.
You die...

###o.#####....
. # ###..#
..###
###.##.§§.# .#
#≈≈≈≈≈.§§§≈≈#
..
#§####o####≈#
##
##≈≈≈.≈§≈##..
#⌠≈...o§≈⌠#...
##≈.._o.≈##
#.#
#⌠≈..5@.≈⌠# .#
##≈≈≈≈≈≈≈##
###⌠#⌠###
#####


You could see an ufetubus and 3 orcs.

Vanquished Creatures
  A goblin (D:3)
1 creature vanquished.

Notes
Turn   | Place    | Note
-------+----------+-------------------------------------------
     0 | D:1      | Bravepunisher the Spriggan Monk began the quest for the
                  | Orb.
     0 | D:1      | Reached XP level 1. HP: 11/11 MP: 2/2
    74 | D:4      | Noticed a phantom
   135 | D:5      | Entered Level 5 of the Dungeon
   135 | D:5      | Found Maschoolos's Magic Scroll Shoppe.
   146 | D:4      | Noticed an iguana
   156 | D:6      | Noticed a hound
   168 | D:5      | Noticed a phantom
   173 | D:5      | Noticed an ogre
   175 | D:5      | Noticed Grinder
   195 | D:5      | Noticed a black bear
   209 | D:5      | Noticed a hound
   220 | D:6      | Found a burning altar of Makhleb.
   226 | D:6      | Became a worshipper of Makhleb the Destroyer
   226 | D:6      | Reached * piety under Makhleb
   226 | D:6      | Reached ** piety under Makhleb
   232 | D:6      | Slain by an ufetubus

Illustrated notes

Levels and vault maps discovered:
D:1:      mainiacjoe_arrival_oval_in_oval, layout_rooms,
          hellmonk_ecumenical_altar_run_dry
D:2:      layout_basic, serial_shops, shop, minmay_cupped, uniq_terence
D:3:      layout_basic, roderic_batcave
D:4:      layout_cave_pods, old_standard_altar
D:5:      layout_cave_pools, gammafunk_ghost_gnarly_gnolls, serial_shops,
          nicolae_stop_n_shop_1, minmay_misc_feat_roman, uniq_grinder
D:6:      layout_loops_ring, lightli_temple_of_fire,
          minmay_temple_entry_large_hall

Action                     || total
---------------------------++-------
  Melee: Short sword       ||    13
 Invoke: Minor Destruction ||     3
    Use: Scroll            ||     1
         Potion            ||     1
 Armour: Robe              ||    10
  Dodge: Dodged            ||    23

Table legend: (Time is in decaauts)
 A = Elapsed time spent in this place.
 B = Non-inter-level travel time spent in this place.
 C = Inter-level travel time spent in this place.
 D = Time resting spent in this place.
 E = Time spent auto-exploring this place.
 F = Levels seen in this place.
 G = Mean time per level.
                   A        B        C        D        E       F      G
               +--------+--------+--------+--------+--------+-----+--------+
         Total |    158 |    158 |      0 |      0 |     24 |   6 |   26.3 |
       Dungeon |    158 |    158 |      0 |      0 |     24 |   6 |   26.3 |
               +--------+--------+--------+--------+--------+-----+--------+

Top non-repeatable levels by time:
     D:4: 52 daAuts
     D:5: 46 daAuts
     D:3: 19 daAuts
     D:6: 17 daAuts
     D:1: 14 daAuts
     D:2: 7 daAuts
